Map: Frozen Temple

Players

Miszu

  • Race: Protoss Protoss
  • League: Master

CHOONGMAN - Winner!

  • Race: Terran Terran
  • League: Master

VOD

Have the link to the VOD?

Description

Time

  • Played on: April 3, 2016, 9:40 a.m.
  • Length: 12:49
Show
View Real Time Build Order
Export as new Build Order

Miszu Protoss 

Build Orders:  

Get SALT Encoding   

  12  0:01  Probe (Chrono Boost)  
  13  0:11  Probe (Chrono Boost)  
  14  0:18  Pylon  
  14  0:22  Probe (Chrono Boost)  
  15  0:36  Probe (Chrono Boost)  
  15  0:37  Gateway  
  16  0:46  Assimilator  
  16  0:47  Probe (Chrono Boost)  
  17  0:57  Probe (Chrono Boost)  
  17  1:02  Pylon  
  18  1:08  Probe (Chrono Boost)  
  20  1:18  Probe (Chrono Boost)  
  20  1:24  Cybernetics Core  
  20  1:29  Probe (Chrono Boost)  
  21  1:39  Probe (Chrono Boost)  
  24  1:51  Probe (Chrono Boost)  
  24  1:52  Nexus  
  23  1:58  Nexus  
  23  2:02  Probe (Chrono Boost)  
  23  2:07  Assimilator  
  24  2:13  Mothership Core (Chrono Boost)  
  26  2:16  Warp Gate  
  26  2:20  Adept  
  28  2:31  Probe (Chrono Boost)  
  28  2:41  Probe (Chrono Boost)  
  31  2:58  Pylon  
  31  2:59  Probe (Chrono Boost)  
  31  3:02  Robotics Facility  
  30  3:10  Adept, Probe (Chrono Boost)  
  30  3:11  Probe (Chrono Boost)  
  34  3:20  Probe (Chrono Boost)  
  34  3:22  Probe (Chrono Boost)  
  36  3:28  Pylon  
  36  3:31  Probe (Chrono Boost)  
  36  3:33  Probe (Chrono Boost)  
  38  3:41  Probe (Chrono Boost)  
  38  3:43  Probe (Chrono Boost)  
  40  3:49  Observer (Chrono Boost)  
  40  3:52  Probe x2  
  40  3:54  Nexus  
  43  4:02  Probe  
  43  4:04  Probe  
  43  4:07  Gateway  
  43  4:09  Observer (Chrono Boost)  
  46  4:10  Gateway  
  46  4:14  Probe  
  46  4:16  Probe  
  48  4:19  Assimilator  
  48  4:21  Assimilator  
  48  4:27  Twilight Council, Observer (Chrono Boost)  
  49  4:40  Probe  
  49  4:41  Probe  
  51  4:53  Probe  
  51  4:55  Probe  
  53  5:00  Pylon  
  53  5:05  Probe, Pylon, Resonating Glaives  
  53  5:06  Immortal (Chrono Boost), Probe  
  58  5:08  Sentry x2  
  58  5:09  Probe  
  64  5:17  Probe  
  64  5:21  Probe  
  65  5:23  Probe  
  67  5:29  Adept, Probe  
  67  5:32  Pylon  
  70  5:36  Pylon x2  
  70  5:39  Adept x2  
  70  5:40  Immortal (Chrono Boost)  
  78  5:52  Adept, Probe  
  78  5:54  Probe x2  
  83  6:00  Forge x2  
  83  6:04  Probe x2  
  83  6:05  Probe  
  83  6:06  Pylon  
  86  6:12  Adept x2  
  86  6:13  Adept  
  86  6:15  Probe  
  86  6:17  Probe  
  86  6:18  Pylon, Probe  
  95  6:25  Probe  
  95  6:30  Probe x2  
  98  6:33  Protoss Ground Weapons Level 1 (Chrono Boost), Immortal (Chrono Boost)  
  98  6:35  Protoss Ground Armor Level 1 (Chrono Boost)  
  102  6:42  Gateway  
  102  6:43  Gateway  
  102  6:46  Gateway  
  102  6:51  Probe x2  
  102  6:52  Probe  
  96  7:03  Probe x2  
  96  7:04  Photon Cannon, Probe  
  96  7:07  Photon Cannon  
  92  7:15  Probe x2  
  92  7:16  Adept x3, Probe  
  98  7:27  Probe  
  98  7:28  Probe x2  
  101  7:32  Photon Cannon  
  101  7:34  Templar Archives  
  101  7:36  Warp Prism  
  101  7:39  Probe  
  101  7:40  Probe x2  
  106  7:52  Probe  
  106  7:56  Adept  
  106  7:57  Adept x2  
  112  8:00  Adept x2  
  112  8:03  Pylon  
  116  8:07  Probe  
  116  8:09  Photon Cannon  
  116  8:10  Probe x2  
  116  8:11  Psionic Storm  
  119  8:19  Photon Cannon  
  119  8:21  Assimilator  
  119  8:23  Assimilator  
  119  8:27  Stalker x2  
  119  8:29  Sentry  
  119  8:30  High Templar  
  119  8:31  High Templar  
  129  8:34  Probe  
  129  8:35  Probe x2  
  132  8:47  Probe  
  133  8:57  Pylon  
  133  9:00  Pylon x2  
  133  9:10  Immortal  
  133  9:15  Probe  
  133  9:17  Pylon, Stalker  
  140  9:19  High Templar x2  
  140  9:21  Zealot x3  
  150  9:31  Gateway  
  150  9:32  Gateway  
  150  9:35  Gateway  
  150  9:41  Zealot x3  
  156  9:49  Zealot  
  140  10:12  Pylon  
  140  10:13  Pylon x3  
  134  10:14  Pylon  
  134  10:15  Pylon  
  134  10:18  Pylon  
  83  11:07  Templar Archives  
  83  11:22  Gateway  
  83  11:23  Gateway  
  83  11:49  Assimilator  
  83  11:50  Pylon  
  83  11:51  Nexus  
  83  11:56  High Templar x2  
  83  11:59  Pylon  
  83  12:00  Pylon  
  87  12:09  Pylon  
  86  12:25  Templar Archives  
  86  12:29  Cybernetics Core  
  86  12:35  Zealot  
  86  12:36  Zealot x5  
  98  12:37  Zealot  
Show
View Real Time Build Order
Export as new Build Order

CHOONGMAN Terran - Winner!

Build Orders: Reaper Expand, MMM Bio 

Get SALT Encoding   

  12  0:01  SCV  
  13  0:13  SCV  
  14  0:19  Supply Depot  
  14  0:25  SCV  
  15  0:40  SCV  
  16  0:43  Barracks  
  16  0:45  Refinery  
  16  0:52  SCV  
  17  1:05  SCV  
  18  1:17  SCV  
  19  1:30  Orbital Command  
  19  1:31  Reaper  
  20  1:44  Command Center  
  20  1:56  Supply Depot  
  20  1:57  SCV  
  21  2:07  Factory  
  21  2:12  SCV  
  22  2:21  Barracks  
  22  2:24  Barracks Reactor  
  22  2:25  SCV  
  23  2:39  SCV  
  24  2:48  Supply Depot  
  24  2:51  SCV  
  24  2:52  Factory Tech Lab  
  24  2:55  SCV  
  24  2:57  Refinery  
  26  3:01  Marine x2  
  26  3:03  SCV  
  29  3:07  Engineering Bay  
  29  3:09  Barracks Tech Lab  
  29  3:13  Orbital Command  
  30  3:27  SCV  
  30  3:30  Marine x2  
  30  3:31  Marine  
  30  3:32  Stimpack  
  35  3:40  SCV  
  35  3:41  SCV  
  35  3:50  Starport  
  35  3:51  Missile Turret  
  35  3:53  SCV x2  
  35  3:55  Marine x3  
  40  3:56  Widow Mine  
  42  4:05  SCV x2  
  42  4:06  Barracks  
  44  4:14  Supply Depot  
  45  4:17  SCV  
  45  4:18  SCV  
  45  4:21  Refinery  
  45  4:22  Terran Infantry Weapons Level 1  
  46  4:29  SCV  
  46  4:30  SCV  
  48  4:33  Marine x3  
  51  4:42  SCV  
  52  4:48  Refinery  
  52  4:57  Barracks Reactor, Widow Mine  
  52  4:58  SCV  
  55  5:02  Engineering Bay  
  55  5:04  Command Center  
  55  5:05  SCV  
  55  5:06  Supply Depot  
  56  5:11  SCV  
  57  5:18  SCV  
  58  5:23  SCV  
  58  5:24  Medivac  
  58  5:25  Marine  
  58  5:28  Medivac, Marauder, Combat Shields  
  66  5:30  SCV  
  66  5:33  Concussive Shells  
  66  5:34  Widow Mine  
  66  5:35  SCV  
  70  5:41  Supply Depot  
  70  5:43  Terran Infantry Armor Level 1  
  70  5:53  Supply Depot  
  70  6:00  Supply Depot  
  70  6:03  Marine x3, Marauder, SCV x2  
  77  6:14  Medivac  
  77  6:15  SCV  
  77  6:17  Widow Mine  
  82  6:22  SCV, Armory  
  82  6:25  Supply Depot  
  83  6:30  Barracks  
  83  6:34  Marine, Barracks  
  83  6:35  Marauder  
  83  6:38  Medivac  
  88  6:50  Marine, Marauder, Widow Mine  
  88  6:53  Marine  
  94  6:56  Marauder  
  93  7:08  Marine  
  92  7:11  Marine  
  92  7:12  Marauder  
  93  7:18  Marauder  
  93  7:20  SCV  
  93  7:21  Marine  
  98  7:24  Orbital Command  
  98  7:27  Widow Mine  
  97  7:33  Marauder  
  99  7:37  Marine x2  
  99  7:38  Barracks Tech Lab  
  99  7:39  Marauder  
  99  7:42  Barracks Tech Lab  
  99  7:43  Supply Depot, Terran Infantry Armor Level 2, Terran Infantry Weapons Level 2  
  103  7:48  SCV x2  
  103  7:49  Missile Turret  
  105  7:51  Medivac  
  105  7:54  Marauder  
  105  7:55  Medivac  
  111  8:00  Marauder  
  111  8:05  SCV x2  
  115  8:07  Missile Turret  
  115  8:12  Marine x2, Marauder, Widow Mine  
  121  8:13  Marauder  
  121  8:17  Supply Depot x2  
  123  8:20  Supply Depot  
  123  8:21  Starport  
  123  8:24  SCV x2  
  125  8:28  Supply Depot  
  125  8:34  Marine, Marauder x2, SCV  
  126  8:36  Liberator  
  126  8:37  SCV x2  
  126  8:40  Supply Depot  
  133  8:44  Supply Depot  
  133  8:46  Marauder  
  133  8:47  Marine  
  135  8:50  Medivac  
  140  8:57  SCV x2  
  140  8:58  SCV  
  143  9:19  Marine  
  143  9:20  Marine, Marauder x3, Widow Mine  
  153  9:24  Barracks  
  153  9:25  Refinery, Barracks  
  153  9:30  Marauder  
  153  9:37  Marine  
  154  9:48  Widow Mine  
  154  9:49  Marine x2, Marauder  
  158  9:54  Marauder x2  
  158  9:56  Marine  
  158  9:58  Medivac x2  
  158  10:07  Marine, Marauder  
  158  10:11  Marauder  
  162  10:17  Widow Mine  
  162  10:19  Marauder  
  120  10:37  Marine, Marauder  
  120  10:38  Orbital Command  
  120  10:40  Medivac  
  120  10:41  Medivac x2  
  109  10:43  Marine, Marauder  
  109  10:45  Widow Mine  
  109  10:47  Marine, Marauder  
  104  10:55  Marine  
  99  10:59  SCV  
  97  11:10  Medivac  
  97  11:11  SCV  
  99  11:14  Widow Mine  
  99  11:17  Liberator x2  
  98  11:37  Liberator  
  104  11:42  Widow Mine  
  104  11:45  SCV  
  104  11:46  SCV  
  108  11:58  SCV x2  
  113  12:10  SCV  
  113  12:11  Widow Mine  
  112  12:20  Marine x3, Marauder x3  
Tags
 
Composition
MMM Bio
Matchup
PvT
Player
Miszu
Add a new tag
Caveats
  • Supply blocks, unpowered buildings, or Contaminate may cause inaccurate times.
  • Supply counts are checked every 10 seconds.